 Dungeon Crawl Stone Soup version 0.30-a0-422-g946f4849ff (webtiles) character file.

Game seed: 17038057877888011304

37 LordRotharoth the Shooter (level 3, 0/28 HPs)
             Began as a Formicid Hunter on Dec 9, 2022.
             Succumbed to an adder's poison
             ... on level 2 of the Dungeon.
             The game lasted 00:04:35 (1369 turns).

LordRotharoth the Shooter (Formicid Hunter)         Turns: 1369, Time: 00:04:36

Health: 0/28       AC:  5    Str: 15 (17) XL:     3   Next: 62%
Magic:  3/3        EV: 12    Int:  6 (8)  God:
Gold:   54         SH:  0    Dex: 15 (17) Spells: 2/2 levels left

rFire   . . .      SeeInvis +    d - +2 short sword (speed)
rCold   . . .      Faith    .    (no shield)
rNeg    . . .      Spirit   .    c - +0 leather armour
rPois   .          Reflect  .    (helmet unavailable)
rElec   .          Harm     .    (no cloak)
rCorr   .          Rampage  .    (no gloves)
Will    .....                    (no boots)
Stlth   ++........               (no amulet)
HPRegen 0.24/turn                (no ring)
MPRegen 0.08/turn                (no ring)

@: lethally poisoned (0 -> -3)
A: permanent stasis, dig shafts and tunnels, antennae 3, four strong arms, claws
1, iridescent scales 1, wild magic 1, MP-powered wands
a: Dig, Shaft Self


You were on level 2 of the Dungeon.
You visited 1 branch of the dungeon, and saw 2 of its levels.

You collected 54 gold pieces.

Inventory:

Hand Weapons
 a - a +0 shortbow
 d - a +2 short sword of speed (weapon)
Armour
 c - a +0 leather armour (worn)
Scrolls
 b - a scroll of immolation
 f - a scroll of torment {unknown}
 g - a scroll of identify
Potions
 e - a potion of curing {unknown}


   Skills:
 + Level 2.5 Fighting
 + Level 0.4 Short Blades
 + Level 4.7 Ranged Weapons
 + Level 0.7 Armour
 + Level 2.0 Dodging
 + Level 1.2 Stealth


You had 2 spell levels left.
You didn't know any spells.
Your spell library contained the following spells:

 Spells                   Type           Power      Damage    Failure   Level
 Ozocubu's Armour         Ice            0%         N/A       92%         3
 Ozocubu's Refrigeration  Ice            0%         4d7       100%        7


Dungeon Overview and Level Annotations

Branches:
Dungeon (2/15)

Altars:

Annotations:
D:2 Jessica


Innate Abilities, Weirdness & Mutations

You cannot be hasted, slowed, berserked, paralysed or teleported.
You can dig through walls and to a lower floor.
You have a pair of large antennae on your head. (SInv)
Your four strong arms can wield two-handed weapons with a shield.
You have sharp fingernails.
You are partially covered in iridescent scales. (AC +2)
Your spells are a little harder to cast, but a little more powerful.
You expend magic power (3 MP) to strengthen your wands.


Message History

You hit the adder.
The adder is severely wounded.
You feel sick. The adder closely misses you.
You completely miss the adder.
The adder is severely wounded.
You feel sick. The adder barely misses you.
You closely miss the adder.
The adder is severely wounded.
You feel sick.
You hit the adder.
The adder is almost dead.
The adder bites you.
* * * LOW HITPOINT WARNING * * *
You are lethally poisoned!
The adder poisons you!
You barely miss the adder.
The adder is almost dead.
* * * LOW HITPOINT WARNING * * *
You feel sick. The adder bites you.
* * * LOW HITPOINT WARNING * * *
You hit the adder.
You kill the adder!
* * * LOW HITPOINT WARNING * * *
You feel sick.
A jackal comes into view.
Your Dodging skill increases to level 2!
The jackal barks!
You hit the jackal but do no damage.
* * * LOW HITPOINT WARNING * * *
You feel sick. The jackal closely misses you.
Jessica casts a spell.
Jessica blinks!
You barely miss the jackal.
* * * LOW HITPOINT WARNING * * *
You feel sick. The jackal closely misses you.
You hit the jackal but do no damage.
* * * LOW HITPOINT WARNING * * *
You feel sick. The jackal barely misses you.
A giant cockroach comes into view.
You die...

####..........#
..@..........
###..........
#.......##.#
##...h...h..#
##..{#h##.#{....
#.<.##h# .# ....
#......###.# .#
{. .....##.##@.#
.# .... ..##.##
.# .## ..###.#
.# ... ... @.
... ..## .#. ..
... .B.


You could see 3 jackals and a giant cockroach (wandering).

Vanquished Creatures
  An adder (D:2)
  A dart slug (D:1)
  2 bats (D:1)
  An endoplasm (D:1)
  2 giant cockroaches (D:1)
  4 jackals (D:1)
  A quokka (D:1)
  4 ball pythons (D:1)
  4 frilled lizards (D:1)
  2 goblins (D:1)
  3 kobolds (D:1)
  4 rats (D:1)
29 creatures vanquished.

Notes
Turn   | Place    | Note
-------+----------+-------------------------------------------
     0 | D:1      | LordRotharoth the Formicid Hunter began the quest for the
                  | Orb.
     0 | D:1      | Reached XP level 1. HP: 16/16 MP: 1/1
   391 | D:1      | Reached XP level 2. HP: 18/23 MP: 2/2
   571 | D:1      | Found a faded altar of an unknown god.
   580 | D:1      | Reached XP level 3. HP: 28/28 MP: 3/3
   690 | D:1      | Gained mutation: You are partially covered in iridescent
                  | scales. (AC +2) [potion of mutation]
   690 | D:1      | Gained mutation: Your spells are a little harder to cast,
                  | but a little more powerful. [potion of mutation]
   690 | D:1      | Gained mutation: You have sharp fingernails. [potion of
                  | mutation]
   690 | D:1      | Gained mutation: You expend magic power (3 MP) to
                  | strengthen your wands. [potion of mutation]
  1353 | D:2      | Noticed Jessica
  1368 | D:2      | HP: 1/28 [poisoned by an adder]
  1369 | D:2      | Succumbed to an adder's poison

Illustrated notes

Levels and vault maps discovered:
D:1:      evilmike_arrival_fibonacci_small, layout_loops_ring,
          hellmonk_ecumenical_altar_run_dry
D:2:      cheibrodos_greedy_goblins, layout_rooms, minmay_misc_feat_cross,
          uniq_jessica

Skill      XL: |  1  2  3 |
---------------+----------+-----
Dodging        | 2 |  2.0
Fighting       | |  2.5
Short Blades   | |  0.4
Ranged Weapons | |  4.7
Armour         | |  0.7
Stealth        | |  1.2

Action                   || total
-------------------------++-------
Melee: Short sword       ||    69
 Fire: Shortbow          ||     9
 Abil: Dig               ||    10
  Use: Scroll            ||     3
       Potion            ||     5
 Stab: Sleeping          ||     1
Armor: Leather armour    ||    20
Dodge: Dodged            ||    48

Table legend: (Time is in decaauts)
 A = Elapsed time spent in this place.
 B = Non-inter-level travel time spent in this place.
 C = Inter-level travel time spent in this place.
 D = Time resting spent in this place.
 E = Time spent auto-exploring this place.
 F = Levels seen in this place.
 G = Mean time per level.
                   A        B        C        D        E       F      G
               +--------+--------+--------+--------+--------+-----+--------+
         Total |   1347 |   1347 |      0 |    557 |    396 |   2 |  673.5 |
       Dungeon |   1347 |   1347 |      0 |    557 |    396 |   2 |  673.5 |
               +--------+--------+--------+--------+--------+-----+--------+

Top non-repeatable levels by time:
     D:1: 1329 daAuts
     D:2: 18 daAuts
